 Dungeon Crawl Stone Soup version 0.28.0-53-g5a82cb258f (webtiles) character file.

Game seed: 5559908770228761794

47 issech the Chopper (level 3, -3/25 (34) HPs)
             Began as a Minotaur Monk on June 3, 2022.
             Slain by Terence
             ... wielding the +7 Throatcutter {drain, coup de grace}
              (5 damage)
             ... on level 2 of the Dungeon.
             The game lasted 00:04:09 (1735 turns).

issech the Chopper (Minotaur Monk)                  Turns: 1735, Time: 00:04:10

HP:   -3/25 (34)    AC:  3    Str: 15    XL:     3   Next: 48%
MP:   2/2           EV: 13    Int:  7    God:
Gold: 75            SH:  0    Dex: 14    Spells: 2/2 levels left

rFire   . . .      SeeInvis .   a - +0 hand axe
rCold   . . .      Faith    .   (no shield)
rNeg    . . .      Spirit   .   i - +0 leather armour
rPois   .          Reflect  .   (helmet restricted)
rElec   .          Harm     .   (no cloak)
rCorr   .          Rampage  .   (no gloves)
Will    .....                   (no boots)
Stlth   ++........              (no amulet)
HPRegen 0.08/turn               (no ring)
MPRegen 0.08/turn               (no ring)

@: very heavily drained
A: horns 2, retaliatory headbutt
a: no special abilities


You were on level 2 of the Dungeon.
You visited 1 branch of the dungeon, and saw 2 of its levels.

You collected 75 gold pieces.

Inventory:

Hand Weapons
 a - a +0 hand axe (weapon)
Missiles
 c - 67 stones (quivered)
 d - 5 poisoned darts
 k - 25 arrows
Armour
 b - a +0 robe
 i - a +0 leather armour (worn)
Magical Staves
 e - a staff of air
Scrolls
 f - 2 scrolls of torment {unknown}
 g - a scroll of teleportation {unknown}
 h - a scroll of blinking {unknown}
 l - a scroll of enchant armour {unknown}
 m - 2 scrolls of identify {unknown}
Potions
 j - a potion of attraction {unknown}


   Skills:
 + Level 4.3 Fighting
 + Level 4.4 Axes
 + Level 3.7 Dodging
 + Level 1.7 Stealth


You had 2 spell levels left.
You didn't know any spells.
Your spell library contained the following spells:

 Spells                   Type           Power      Damage    Failure   Level
 Static Discharge         Conj/Air       0%         N/A       65%         2
 Ignite Poison            Fire/Tmut/Pois 0%         N/A       86%         3
 Mephitic Cloud           Conj/Pois/Air  0%         N/A       86%         3
 Dispel Undead            Necr           0%         3d6       99%         4
 Sticky Flame             Conj/Fire      0%         2d3       99%         4
 Freezing Cloud           Conj/Ice/Air   0%         6-21      100%        5


Dungeon Overview and Level Annotations

Branches:
Dungeon (2/15)

Altars:
Wu Jian

Annotations:
D:2 Terence


Innate Abilities, Weirdness & Mutations

You have a pair of horns on your head.
You reflexively headbutt those who attack you in melee.


Message History

Terence the Incautious comes into view.
He is wielding the +7 Throatcutter {drain, coup de grace}.
The kobold barely misses you. You furiously retaliate!
You headbutt the kobold, but do no damage.
Terence shouts!
You hit the kobold.
You kill the kobold!
Terence hits you with the +7 Throatcutter {drain, coup de grace}.
You feel drained.
Things that are here:
a +0 club; a kobold corpse You slash Terence!
Terence is moderately wounded.
Terence hits you with the +7 Throatcutter {drain, coup de grace}!
You feel drained.
* * * LOW HITPOINT WARNING * * *
There is a stone staircase leading up here.
You climb upwards.
There is a stone staircase leading down here.
You start resting.
HP restored.
You climb downwards.
Level annotation: Terence Terence hits you with the +7 Throatcutter {drain, coup de grace}.
You feel drained. Terence barely misses you. You furiously retaliate!
You headbutt Terence.
There is a stone staircase leading up here.
You hit Terence but do no damage.
Terence is lightly wounded.
Terence hits you with the +7 Throatcutter {drain, coup de grace}.
You feel drained.
You closely miss Terence.
Terence is lightly wounded.
Terence hits you with the +7 Throatcutter {drain, coup de grace}.
You feel drained.
You hit Terence.
Terence is lightly wounded.
Terence hits you with the +7 Throatcutter {drain, coup de grace}!
* * * LOW HITPOINT WARNING * * *
You feel drained.
You die...

.......#..######
.##...#..........[.#
...................#
.###.##............#
.###..##..####.....#
#..........###.....
#........#...# ...
#........###.# #@#
#........# #.###@#
)........# #.....#
)######### #.....#
..#### #.....#
#....### ##....###
####...########....#
### ###.....#
##(..##.># ####.##
#...#...# #.###
+#...#..###


You could see Terence.

Vanquished Creatures
  2 adders (D:2)
  3 endoplasms
  2 goblins (D:2)
  4 hobgoblins
  2 jackals (D:2)
  8 kobolds
  A ball python (D:1)
  A frilled lizard (D:2)
  7 rats
30 creatures vanquished.

Notes
Turn   | Place    | Note
-------+----------+-------------------------------------------
     0 | D:1      | issech the Minotaur Monk began the quest for the Orb.
     0 | D:1      | Reached XP level 1. HP: 19/19 MP: 0/0
   329 | D:1      | Reached XP level 2. HP: 27/27 MP: 1/1
  1182 | D:2      | Reached XP level 3. HP: 19/33 MP: 2/2
  1461 | D:2      | Found an ornate altar of the Wu Jian Council.
  1494 | D:2      | Noticed Terence
  1735 | D:2      | Slain by Terence

Illustrated notes

Levels and vault maps discovered:
D:1:      onia_arrival_handbag, layout_loops_corners
D:2:      layout_rooms, nicolae_ecumenical_oubliette, basic_altar,
          grunt_ministairs_6, uniq_natasha, uniq_terence, uniq_sigmund

Skill      XL: |  1  2 |
---------------+-------+-----
Fighting       | 4 |  4.3
Axes           | 4 |  4.4
Dodging        | |  3.7
Stealth        | |  1.7

Action                   || total
-------------------------++-------
Melee: Hand axe          ||    68
       Headbutt          ||     8
       Punch             ||     2
 Stab: Sleeping          ||     1
Armor: Robe              ||     4
       Leather armour    ||     3
Dodge: Dodged            ||    41
